[Event "ICCopen2017"]
[Site "Internet Chess Club"]
[Date "2017.03.25"]
[Round "11"]
[White "Nfurter"]
[Black "GreyWarden"]
[Result "0-1"]
[ICCResult "White forfeits on time"]
[WhiteElo "1796"]
[BlackElo "1979"]
[Opening "Four knights: double Ruy Lopez"]
[ECO "C49"]
[NIC "KP.03"]
[Time "16:09:32"]
[TimeControl "180+0"]

1. e4 e5 2. Nc3 Nf6 3. Nf3 Nc6 4. Bb5 Bb4 5. O-O O-O 6. Nd5 Bc5 7. d3 h6 8.
c3 d6 9. Ne3 a6 10. Ba4 Ba7 11. b4 Re8 12. Re1 d5 13. exd5 Nxd5 14. Nxd5
Qxd5 15. Bb3 Qd6 16. h3 Bf5 17. Bc2 Rad8 18. Be3 Bxd3 19. Bxd3 Qxd3 20. Bxa7
Qxc3 21. Qc1 Qxc1 22. Raxc1 Nxa7 23. Rxc7 e4 24. Nh4 Rb8 25. Nf5 Nb5 26. Rd7
Re5 27. g4 Rbe8 28. Rxb7 R5e6 29. Re3 Nd6 30. Nxd6 Rxd6 31. Kg2 Rd2 32. Kg3
Rxa2 33. Ra7 Ra4 34. b5 axb5 35. Rb7 Rb4 36. Kf4 g6 37. h4 Kg7 38. g5 hxg5+
39. hxg5 Rd8 {White forfeits on time} 0-1

[Event "ICCopen2017"]
[Site "Internet Chess Club"]
[Date "2017.03.25"]
[Round "11"]
[White "Nakia"]
[Black "ROWLAND"]
[Result "1-0"]
[ICCResult "Black forfeits on time"]
[WhiteElo "1732"]
[BlackElo "1481"]
[Opening "Bishop's opening: Classical variation"]
[ECO "C23"]
[NIC "IG.04"]
[Time "16:10:02"]
[TimeControl "180+0"]

1. e4 e5 2. Bc4 Bc5 3. Qf3 Nf6 4. h3 O-O 5. d3 h6 6. c3 a5 7. Bb3 a4 8. Bc2
Nc6 9. Ne2 d5 10. O-O d4 11. Nd2 Be6 12. Kh2 Nh7 13. g4 Ng5 14. Qg2 Nh7 15.
Ng3 g6 16. Nf3 Kg7 17. c4 Ng5 18. Rg1 Rh8 19. Nf5+ Bxf5 20. gxf5 Nxf3+ 21.
Qxf3 g5 22. a3 f6 23. Bd2 Qe8 24. h4 Rd8 25. Rg3 Qf7 26. Rag1 Kf8 27. h5 Ke8
28. Qg4 Ra8 29. Bd1 Qd7 30. Qf3 Na5 31. Qg2 Nb3 32. Bxb3 axb3 33. Rh3 Bxa3
34. bxa3 Rxa3 35. Rb1 Qa4 36. Rb2 Ra2 37. Bc1 Qa3 38. f3 Rxb2 39. Bxb2 Qa2
40. Rg3 Kd7 41. Kh3 Ra8 42. Qd2 Qb1 43. Kh2 Ra2 44. Rg2 c5 45. Kg3 Kc6 46.
Kh2 b5 47. Rf2 b4 48. Kg2 Ra3 49. Bxa3 bxa3 50. Qa5 a2 51. Qa6+
{Black forfeits on time}
1-0

[Event "ICCopen2017"]
[Site "Internet Chess Club"]
[Date "2017.03.25"]
[Round "11"]
[White "Theunrock"]
[Black "fiume"]
[Result "1/2-1/2"]
[ICCResult "White stalemated"]
[WhiteElo "1708"]
[BlackElo "1866"]
[Opening "Dunst (Sleipner, Heinrichsen) opening"]
[ECO "A00"]
[NIC "VO.15"]
[Time "16:09:24"]
[TimeControl "180+0"]

1. Nc3 d5 2. d3 c6 3. f4 g6 4. Nf3 Bg7 5. g3 Bg4 6. Bg2 Nd7 7. h3 Bxf3 8.
Bxf3 e5 9. Bg2 f5 10. e4 d4 11. Ne2 Ne7 12. g4 Qb6 13. Ng3 fxg4 14. hxg4
exf4 15. Bxf4 O-O 16. Qc1 Rxf4 17. Qxf4 Be5 18. Qf2 Qxb2 19. O-O Rf8 20. Bf3
Nf6 21. Rab1 Qxa2 22. Qg2 b5 23. Ra1 Qe6 24. Rxa7 Nc8 25. Rb7 Nd6 26. Ra7
Nxg4 27. Nf5 Ne3 28. Nxe3 dxe3 29. Bg4 Qe8 30. Rxf8+ Qxf8 31. Qf3 Qxf3 32.
Bxf3 Bd4 33. Kf1 Bxa7 34. Ke2 Nf7 35. c3 Ne5 36. d4 Nxf3 37. Kxf3 b4 38.
Kxe3 bxc3 39. Kd3 Kf7 40. d5 cxd5 41. exd5 Ke7 42. Kxc3 Kd6 43. Kc4 Bc5 44.
Kd3 Kxd5 45. Kc3 g5 46. Kd3 h5 47. Ke2 h4 48. Kf3 Ke5 49. Kg4 Be7 50. Kh3
Kf4 51. Kg2 g4 52. Kh2 h3 53. Kh1 g3 54. Kg1 Kf3 55. Kh1 g2+ 56. Kg1 Bd6
{White stalemated}
1/2-1/2

[Event "ICCopen2017"]
[Site "Internet Chess Club"]
[Date "2017.03.25"]
[Round "11"]
[White "bspurt"]
[Black "grancaruso"]
[Result "1-0"]
[ICCResult "Black resigns"]
[WhiteElo "2097"]
[BlackElo "1798"]
[Opening "Caro-Kann: advance variation"]
[ECO "B12"]
[NIC "CK.04"]
[Time "16:10:14"]
[TimeControl "180+0"]

1. e4 c6 2. d4 d5 3. e5 Bf5 4. Nd2 e6 5. g4 Bg6 6. Ne2 f6 7. Nf4 fxe5 8.
Nxg6 hxg6 9. dxe5 Nd7 10. Nf3 Qc7 11. Bf4 Bc5 12. Bd3 O-O-O 13. Bxg6 Qb6 14.
Qd2 Qxb2 15. O-O Bb4 16. Qe2 Qa3 17. Ng5 Rf8 18. Bg3 Ne7 19. Bf7 Nc5 20.
Bxe6+ Kb8 21. Bf7 Ng6 22. e6+ Ka8 23. e7 Re8 24. Bxg6 Rxe7 25. Qxe7 Ne4 26.
Qxg7 Bc3 27. Be5 Rxh2 28. Qg8+ {Black resigns} 1-0

[Event "ICCopen2017"]
[Site "Internet Chess Club"]
[Date "2017.03.25"]
[Round "11"]
[White "arnav311004"]
[Black "ramezsamir"]
[Result "0-1"]
[ICCResult "White checkmated"]
[WhiteElo "1758"]
[BlackElo "1954"]
[Opening "Réti: King's Indian attack (Barcza system)"]
[ECO "A07"]
[NIC "QP.09"]
[Time "16:08:59"]
[TimeControl "180+0"]

1. Nf3 d5 2. g3 Nf6 3. Bg2 c6 4. O-O Bf5 5. c4 e6 6. cxd5 cxd5 7. d4 Nc6 8.
Nc3 Be7 9. Nh4 Bg4 10. h3 Bh5 11. g4 Nd7 12. Nf3 Bg6 13. Bf4 O-O 14. Qd2 Nf6
15. Ne5 Nxe5 16. dxe5 Ne4 17. Nxe4 Bxe4 18. Bxe4 dxe4 19. Qe3 Qb6 20. Qxe4
Rac8 21. b3 h6 22. Rac1 Bh4 23. Kg2 Rxc1 24. Bxc1 Rc8 25. Be3 Qa6 26. Kf3
Rc6 27. a4 Rc8 28. Rd1 Rd8 29. Rc1 b6 30. Rc7 Qa5 31. Qb7 Rf8 32. Qe4 Qe1
33. Kg2 Qxe2 34. Rxa7 Bxf2 35. Qf3 Qxe3 36. Qxf2 Qxb3 37. Kh2 Qc3 38. Qf4
Qc2+ 39. Kg3 Qd3+ 40. Qf3 Qd5 41. Qxd5 exd5 42. Rd7 Ra8 43. Rxd5 Rxa4 44.
Rb5 Ra6 45. Kf4 Kf8 46. Ke4 Ke7 47. Rb3 Ke6 48. Rc3 Ra4+ 49. Kf3 b5 50. Rc6+
Kxe5 51. Rc5+ Ke6 52. Rxb5 Ra3+ 53. Kg2 f6 54. Rb6+ Kf7 55. Rb4 Kg6 56. Rf4
Ra2+ 57. Kg3 Ra3+ 58. Kg2 Kh7 59. Kg1 Kg6 60. Rf1 Kg5 61. Kg2 Ra2+ 62. Kg3
Ra3+ 63. Kg2 h5 64. Rf5+ Kg6 65. Rxh5 Ra2+ 66. Kg3 Ra3+ 67. Kh4 Rb3 68. Rf5
Kf7 69. Rd5 g5+ 70. Kh5 Rxh3# {White checkmated} 0-1

[Event "ICCopen2017"]
[Site "Internet Chess Club"]
[Date "2017.03.25"]
[Round "11"]
[White "Svinotigr"]
[Black "wagnerbi"]
[Result "0-1"]
[ICCResult "White forfeits on time"]
[WhiteElo "1726"]
[BlackElo "1960"]
[Opening "Réti opening"]
[ECO "A05"]
[NIC "QP.11"]
[Time "16:10:02"]
[TimeControl "180+0"]

1. Nf3 Nf6 2. d3 g6 3. Nbd2 Bg7 4. e4 d6 5. Qe2 O-O 6. g3 c5 7. h4 Nc6 8.
Bg2 Bg4 9. c3 Qd7 10. a4 a6 11. Nc4 Rad8 12. O-O b5 13. Ne3 Bh3 14. axb5
axb5 15. Ng5 Bxg2 16. Kxg2 h6 17. Nh3 Nh7 18. Nd5 e6 19. Ne3 b4 20. Bd2 f5
21. exf5 gxf5 22. Nc4 e5 23. Nb6 Qf7 24. f4 Rde8 25. Qf3 e4 26. dxe4 fxe4
27. Qe2 d5 28. cxb4 cxb4 29. Qb5 Ne7 30. Bxb4 Rd8 31. Ra7 Rfe8 32. Bxe7 Rxe7
33. Rxe7 Qxe7 34. Nxd5 Qd6 35. Rd1 Kh8 36. Ne3 Qf8 37. Rxd8 Qxd8 38. Qf5 Qd3
{White forfeits on time}
0-1

[Event "ICCopen2017"]
[Site "Internet Chess Club"]
[Date "2017.03.25"]
[Round "11"]
[White "JRussell2"]
[Black "alekhsay"]
[Result "1-0"]
[ICCResult "Black forfeits on time"]
[WhiteElo "1046"]
[BlackElo "892"]
[Opening "Queen's pawn"]
[ECO "A40"]
[NIC "QO.17"]
[Time "16:10:18"]
[TimeControl "180+0"]

1. d4 e6 2. Nf3 Nf6 3. g3 Bb4+ 4. c3 Be7 5. Bg2 O-O 6. O-O d5 7. a3 c5 8. e3
Qb6 9. b4 cxd4 10. cxd4 Nc6 11. Bb2 a5 12. Qd2 axb4 13. axb4 Rxa1 14. Bxa1
Nxb4 15. Nc3 Bd7 16. Rb1 Qa5 17. Na2 Qxa2 18. Rxb4 Qxd2 19. Nxd2 Bxb4 20.
Nf3 Ne4 21. Ne5 Bb5 22. Bxe4 dxe4 23. Kg2 f6 24. Ng4 f5 25. Ne5 Ra8 26. Bb2
Ra2 27. Bc1 Ra1 28. Bb2 Rb1 29. Bc3 Bxc3 30. Kh3 Bf1+ 31. Kh4 g5+ 32. Kxg5
Kg7 33. Kh4 {Black forfeits on time} 1-0

[Event "ICCopen2017"]
[Site "Internet Chess Club"]
[Date "2017.03.25"]
[Round "11"]
[White "Ososul"]
[Black "notetengomiedo"]
[Result "0-1"]
[ICCResult "White forfeits on time"]
[WhiteElo "1535"]
[BlackElo "1826"]
[Opening "French: MacCutcheon, Lasker variation, 8...g6"]
[ECO "C12"]
[NIC "FR.05"]
[Time "16:09:34"]
[TimeControl "180+0"]

1. e4 e6 2. d4 d5 3. Nc3 Nf6 4. Bg5 Bb4 5. e5 h6 6. Bd2 Bxc3 7. bxc3 Ne4 8.
Qg4 g6 9. Bd3 Nxd2 10. Kxd2 c5 11. h4 Nc6 12. Nf3 cxd4 13. cxd4 Bd7 14. Rab1
Qa5+ 15. Ke2 O-O-O 16. Rb2 Qa3 17. Rhb1 Na5 18. Qf4 Be8 19. Qd2 Kb8 20. Ba6
b6 21. Qc1 Qe7 22. Qd2 Ka8 23. Qd3 Bc6 24. g3 Bb7 25. Bxb7+ Nxb7 26. Qa6 Kb8
27. Nd2 Rc8 28. Nb3 Rc6 29. Na5 Nxa5 30. Qxa5 Rhc8 31. Qa4 Qc7 32. Kd2 Rc4
33. Qb3 Rxd4+ 34. Kc1 Qxe5 35. Qe3 Qxe3+ 36. fxe3 Re4 37. Kd2 Kb7 38. Rf1
Rc7 39. Rb3 d4 40. exd4 Rxd4+ 41. Rd3 Rxd3+ 42. cxd3 Rd7 43. Rf6 Kc7 44. h5
gxh5 45. Rxh6 Kd6 46. Rxh5 Ke7 47. Rh7 Rd5 48. Rh8 Rg5 49. Ra8 Rxg3 50.
Rxa7+ Kf6 51. Rb7 Rg2+ 52. Kc3 Rxa2 53. Rxb6 Ke5 54. Kc4 f5 55. Rb7 Rc2+ 56.
Kb3 Rc1 57. Kb2 Rc6 58. Kb3 f4 59. Kb2 Kd4 60. Rh7 Ke3 61. Re7 f3
{White forfeits on time}
0-1

[Event "ICCopen2017"]
[Site "Internet Chess Club"]
[Date "2017.03.25"]
[Round "11"]
[White "cheslikeyomama"]
[Black "lion100"]
[Result "1-0"]
[ICCResult "Black checkmated"]
[WhiteElo "1390"]
[BlackElo "1298"]
[Opening "Queen's pawn game"]
[ECO "D00"]
[NIC "QP.08"]
[Time "16:10:15"]
[TimeControl "180+0"]

1. d4 d5 2. e3 Nf6 3. f4 e6 4. Nf3 c5 5. Bd3 Nc6 6. c3 Bd6 7. Ne5 a6 8. O-O
Qc7 9. Nd2 b5 10. Qf3 Bb7 11. g4 b4 12. g5 Nd7 13. Qh5 g6 14. Qh3 a5 15.
Nxg6 fxg6 16. Bxg6+ hxg6 17. Qxh8+ Nf8 18. Nf3 O-O-O 19. Ne5 Be7 20. Qh3
Nxe5 21. fxe5 cxd4 22. exd4 bxc3 23. bxc3 Qxc3 24. Be3 Kd7 25. Rab1 Ba6 26.
Rfc1 Qa3 27. Rb6 Bc4 28. Rb7+ Ke8 29. Rcb1 Bxg5 30. Re1 Bxe3+ 31. Kg2 Qxa2+
32. Kh1 Bxd4 33. Qf3 Qd2 34. Qf7# {Black checkmated} 1-0

[Event "ICCopen2017"]
[Site "Internet Chess Club"]
[Date "2017.03.25"]
[Round "11"]
[White "Massada"]
[Black "StevieMcStiefel"]
[Result "1-0"]
[ICCResult "Black forfeits on time"]
[WhiteElo "1517"]
[BlackElo "1604"]
[Opening "French defense"]
[ECO "C00"]
[NIC "FR.01"]
[Time "16:09:37"]
[TimeControl "180+0"]

1. e4 e6 2. Nf3 d5 3. e5 d4 4. Bc4 c5 5. d3 Nc6 6. O-O b6 7. Nbd2 Bb7 8. Ne4
h5 9. h4 Nh6 10. Bg5 Qd7 11. c3 Nf5 12. a3 a5 13. Qd2 Ba6 14. Bxa6 Rxa6 15.
cxd4 cxd4 16. Rfc1 Be7 17. Rc2 O-O 18. Rac1 b5 19. Bxe7 Ncxe7 20. Nc5 Qa7
21. Nxa6 Qxa6 22. Qg5 g6 23. g4 hxg4 24. Nh2 g3 25. Ng4 gxf2+ 26. Kxf2 b4
27. Rc4 bxa3 28. bxa3 Qb5 29. h5 Qb2+ 30. R1c2 Qb3 31. Ke2 Kg7 32. h6+ Kh7
33. Nf6+ Kh8 34. h7 Qb8 35. Nd7 Qb7 36. Qf6+ Ng7 37. Nxf8 Qg2+ 38. Kd1 Qf1+
39. Qxf1 Nef5 40. Qf4 Nh5 41. Rc8 Kg7 42. Nxg6 Kxg6 43. Qg5+
{Black forfeits on time}
1-0

[Event "ICCopen2017"]
[Site "Internet Chess Club"]
[Date "2017.03.25"]
[Round "11"]
[White "aplusk"]
[Black "Boing777"]
[Result "0-1"]
[ICCResult "White forfeits on time"]
[WhiteElo "2764"]
[BlackElo "2457"]
[Opening "Nimzovich-Larsen attack: modern variation"]
[ECO "A01"]
[NIC "VO.08"]
[Time "16:09:13"]
[TimeControl "180+0"]

1. b3 e5 2. Bb2 Nc6 3. c4 Bc5 4. e3 Nf6 5. a3 a5 6. d3 d5 7. cxd5 Nxd5 8.
Nf3 Qe7 9. Nbd2 Bg4 10. Qc2 Bb6 11. Nc4 Bxf3 12. gxf3 Ba7 13. Rg1 O-O 14. f4
f6 15. fxe5 Nxe5 16. Nxe5 fxe5 17. Bg2 Nxe3 18. fxe3 Qh4+ 19. Kd1 Bxe3 20.
Re1 Rf2 21. Re2 Qh5 22. Ke1 Raf8 23. Qc4+ Kh8 24. Rxe3 Rxg2 25. Bxe5 Qf5 26.
Qf4 Qxf4 27. Bxf4 Rg1+ 28. Kd2 Rxa1 29. Bxc7 Ra2+ 30. Kc3 Rc8 31. Re7 Rxh2
32. Kd4 Rh4+ 33. Kd5 Rh6 34. Be5 Rg6 35. Rxb7 h5 36. b4 Rd8+ 37. Ke4 axb4
38. axb4 h4 39. d4 h3 40. Ra7 Rg2 41. Ra3 Rg4+ 42. Kf5 Rh4 43. Ra7 Rf8+ 44.
Kg6 Rh6+ 45. Kg5 Rg8 46. Rxg7 Rxg7+ {White forfeits on time} 0-1

[Event "ICCopen2017"]
[Site "Internet Chess Club"]
[Date "2017.03.25"]
[Round "11"]
[White "CIROVICZCHESS"]
[Black "Datwinnik"]
[Result "0-1"]
[ICCResult "White checkmated"]
[WhiteElo "1548"]
[BlackElo "1374"]
[Opening "Sicilian: Grand Prix attack"]
[ECO "B21"]
[NIC "SI.48"]
[Time "16:10:27"]
[TimeControl "180+0"]

1. e4 c5 2. f4 d6 3. Nf3 Nf6 4. e5 dxe5 5. fxe5 Nd5 6. Bb5+ Bd7 7. Bxd7+
Qxd7 8. c4 Nf4 9. d4 Nxg2+ 10. Kf2 Qh3 11. d5 Nh4 12. Ng5 Qg2+ 13. Ke3 Nf5+
14. Kd3 Nd7 15. Bf4 f6 16. Ne6 fxe5 17. Rg1 Qh3+ 18. Bg3 Nd4 19. Nc7+ Kd8
20. Nxa8 Qf5+ 21. Kc3 g6 22. Rf1 Qe4 23. Qd3 Ne2+ 24. Kb3 Qxd3+ 25. Ka4
Qxc4+ 26. b4 Nb6+ 27. Nxb6 axb6 28. a3 b5+ 29. Ka5 cxb4 30. axb4 e6 31. Be1
Bd6 32. Na3 Bc7# {White checkmated} 0-1

[Event "ICCopen2017"]
[Site "Internet Chess Club"]
[Date "2017.03.25"]
[Round "11"]
[White "PeterOsgood"]
[Black "veteranrus"]
[Result "1-0"]
[ICCResult "Black forfeits on time"]
[WhiteElo "1804"]
[BlackElo "1774"]
[Opening "Trompowsky attack (Ruth, Opocenský opening)"]
[ECO "A45"]
[NIC "QP.07"]
[Time "16:10:13"]
[TimeControl "180+0"]

1. d4 Nf6 2. Bg5 c5 3. Nc3 cxd4 4. Qxd4 Nc6 5. Qh4 e6 6. O-O-O Be7 7. e4 O-O
8. Nf3 h6 9. Bxh6 gxh6 10. Qxh6 Nh7 11. h4 Bf6 12. Rh3 Kh8 13. e5 Bg7 14.
Qh5 f5 15. Ng5 Bh6 16. Qxh6 Qe7 17. Nxh7 Qg7 18. Qxg7+ Kxg7 19. Nxf8 Kxf8
20. Re1 b6 21. f4 Bb7 22. h5 Kg7 23. h6+ Kh7 24. Nb5 Rg8 25. g3 Ne7 26. Nd6
Bc6 27. Bb5 Bg2 28. Rh2 Ba8 29. Bxd7 Rxg3 30. Bxe6 Be4 31. Nxe4 fxe4 32. f5
Nc6 33. Bd5 Nxe5 34. Bxe4 Ng4 35. Rg2 Rxg2 36. Bxg2 Nf6 37. Re6 Ng4 38. Re7+
{Black forfeits on time}
1-0

[Event "ICCopen2017"]
[Site "Internet Chess Club"]
[Date "2017.03.25"]
[Round "11"]
[White "kutittaja"]
[Black "FGM21"]
[Result "0-1"]
[ICCResult "White forfeits on time"]
[WhiteElo "1689"]
[BlackElo "1913"]
[Opening "English: Sicilian reversed"]
[ECO "A25"]
[NIC "EO.23"]
[Time "16:09:06"]
[TimeControl "180+0"]

1. c4 e5 2. Nc3 Nc6 3. e4 Nf6 4. Nge2 Bc5 5. h3 a6 6. d3 d6 7. g3 O-O 8. Bg2
Be6 9. O-O Ne7 10. Rb1 c6 11. Kh2 d5 12. cxd5 cxd5 13. f4 d4 14. Na4 Bd6 15.
b3 b5 16. Nb2 exf4 17. Bxf4 Ng6 18. Bxd6 Qxd6 19. Qd2 Nh5 20. Qg5 Nf6 21. e5
Qxe5 22. Qxe5 Nxe5 23. Bxa8 Rxa8 24. Nxd4 Bd5 25. Nf5 Nf3+ 26. Rxf3 Bxf3 27.
Rc1 g6 28. Ne7+ Kf8 29. Rc8+ Rxc8 30. Nxc8 Ne8 31. Nb6 Ke7 32. a4 Kd6 33. a5
Bd5 34. b4 Bb3 35. Kg2 Nf6 36. Kf2 Nh5 37. Kf3 f5 38. g4 fxg4+ 39. hxg4 Nf6
40. Kf4 h6 41. g5 Nh5+ 42. Kg4 Be6+ 43. Kh4 hxg5+ 44. Kxg5 Ng3 45. Kxg6 Bb3
46. Kg5 Ne2 47. Kf5 Nd4+ 48. Ke4 Nc2 49. d4 Nxb4 50. Nd3 Bc2 51. Ke3 Bxd3
52. d5 Kc5 53. d6 Bc4 54. d7 Nc6 55. Kd2 Kd6 56. Kc3 Kc7 57. Kb2 Be6 58. Kc3
Bxd7 59. Nd5+ Kd6 60. Nb6 b4+ {White forfeits on time} 0-1

[Event "ICCopen2017"]
[Site "Internet Chess Club"]
[Date "2017.03.25"]
[Round "11"]
[White "BMWHero"]
[Black "Natik"]
[Result "1-0"]
[ICCResult "Black resigns"]
[WhiteElo "2142"]
[BlackElo "2399"]
[Opening "French: Tarrasch"]
[ECO "C03"]
[NIC "FR.14"]
[Time "16:10:26"]
[TimeControl "180+0"]

1. e4 e6 2. d4 d5 3. Nd2 Be7 4. Ngf3 Nf6 5. Bd3 c5 6. dxc5 dxe4 7. Nxe4 Nxe4
8. Bxe4 Qxd1+ 9. Kxd1 Bxc5 10. Ke2 Nc6 11. Be3 Bxe3 12. Bxc6+ bxc6 13. Kxe3
f6 14. Rad1 Ke7 15. Nd4 Bd7 16. Nb3 Rab8 17. Nc5 Bc8 18. b3 Rb5 19. Nd3 e5
20. a4 Ra5 21. Nb4 Bd7 22. Rd3 Rb8 23. Rhd1 Be8 24. c3 c5 25. Nd5+ Kf7 26.
c4 Ra6 27. f4 exf4+ 28. Kxf4 Bc6 29. Nc7 Rab6 30. Rd6 Bxg2 31. Rd7+ Kf8 32.
Nb5 Bh3 33. Rxa7 Re6 34. Rdd7 g5+ 35. Kf3 Re1 36. Rf7+ Kg8 37. Rg7+ Kf8 38.
Rxh7 Rf1+ 39. Ke2 {Black resigns} 1-0

[Event "ICCopen2017"]
[Site "Internet Chess Club"]
[Date "2017.03.25"]
[Round "11"]
[White "parisian"]
[Black "HEM"]
[Result "1-0"]
[ICCResult "Black forfeits on time"]
[WhiteElo "1760"]
[BlackElo "1447"]
[Opening "Sicilian defense"]
[ECO "B44"]
[NIC "SI.39"]
[Time "16:09:39"]
[TimeControl "180+0"]

1. e4 c5 2. Nf3 e6 3. d4 cxd4 4. Nxd4 Nc6 5. Nxc6 dxc6 6. Qxd8+ Kxd8 7. Nc3
e5 8. f4 Bd6 9. fxe5 Bxe5 10. Bg5+ f6 11. O-O-O+ Kc7 12. Be3 Be6 13. h3 Ne7
14. g4 Rad8 15. Be2 b6 16. Rxd8 Rxd8 17. Rd1 Rxd1+ 18. Nxd1 Ng6 19. b3 Nf4
20. Bf1 h5 21. gxh5 Nxh5 22. h4 Ng3 23. Bd3 Bf7 24. Nf2 Nh5 25. Ng4 Kd6 26.
Nxe5 Kxe5 27. c3 Ng3 28. Bd4+ Kf4 29. Kd2 Nxe4+ 30. Ke2 Bh5+ 31. Kf1 Nd2+
32. Kg2 Bf3+ 33. Kh3 Be4 34. Be2 Bb1 35. h5 Bxa2 36. h6 gxh6 37. Bxf6 Bxb3
38. Bg7 Kg5 39. Bf8 Ne4 40. Be7+ Kf4 41. Bd3 Nxc3 42. Bg6 Nd5 43. Bd8 c5 44.
Kg2 c4 45. Kf1 c3 46. Ke2 c2 47. Kd2 Ke5 48. Kc1 Kd4 49. Bh7 Nc3 50. Bf6+
Ke3 51. Bxc3 {Black forfeits on time} 1-0

[Event "ICCopen2017"]
[Site "Internet Chess Club"]
[Date "2017.03.25"]
[Round "11"]
[White "Alfred"]
[Black "glokoll"]
[Result "0-1"]
[ICCResult "White forfeits on time"]
[WhiteElo "1196"]
[BlackElo "1483"]
[Opening "Robatsch (modern) defense"]
[ECO "B06"]
[NIC "KF.05"]
[Time "16:10:20"]
[TimeControl "180+0"]

1. e4 g6 2. d4 Bg7 3. Nf3 c5 4. c3 cxd4 5. cxd4 d5 6. e5 Nc6 7. Be2 Bg4 8.
O-O e6 9. h3 Bxf3 10. Bxf3 Nge7 11. Nc3 Qb6 12. Ne2 Nf5 13. Rb1 a5 14. b3
O-O 15. Bb2 Nb4 16. a4 h5 17. Nc3 Nh4 18. Be2 f5 19. Nb5 Rfd8 20. g3 g5 21.
gxh4 g4 22. hxg4 fxg4 23. Kh2 Rf8 24. Qd2 Qd8 25. Qg5 Qd7 26. Qxh5 Rf4 27.
Bxg4 Nd3 28. Rbd1 Nxf2 29. Be2 Raf8 30. Qg5 Qf7 31. Qg2 Rxh4+ 32. Kg1 Nh3+
33. Qxh3 Qxf1+ 34. Qxf1 Rxf1+ 35. Kxf1 Rh3 36. Kg2 Rxb3 37. Rd2 Rb4 38. Kh3
Rxa4 39. Bd3 Kf8 40. Rg2 Ra2 41. Rf2+ Ke7 {White forfeits on time} 0-1

[Event "ICCopen2017"]
[Site "Internet Chess Club"]
[Date "2017.03.25"]
[Round "11"]
[White "ASidorov"]
[Black "nadalthegreat"]
[Result "1-0"]
[ICCResult "Black checkmated"]
[WhiteElo "2310"]
[BlackElo "2035"]
[Opening "Vienna gambit"]
[ECO "C25"]
[NIC "VG.04"]
[Time "16:10:06"]
[TimeControl "180+0"]

1. e4 e5 2. Nc3 Nc6 3. f4 exf4 4. Nf3 d6 5. d4 g5 6. h4 g4 7. Ng5 h6 8. Nxf7
Kxf7 9. Bxf4 Bg7 10. Bc4+ Ke8 11. Be3 Nf6 12. Qe2 g3 13. O-O Bg4 14. Qd2 Qe7
15. Rae1 Rf8 16. e5 dxe5 17. dxe5 Nxe5 18. Bxh6 Rd8 19. Qg5 Bxh6 20. Qxh6
Rd2 21. Qxd2 Nfd7 22. Bb5 c6 23. Nd5 Qxh4 24. Rxf8+ Kxf8 25. Qf4+ Ke8 26.
Rxe5+ Nxe5 27. Qxe5+ Kf8 28. Qf6+ Qxf6 29. Nxf6 Bf5 30. Bd3 Be6 31. Ne4 Bf7
32. Nxg3 Ke7 33. Nf5+ Kf6 34. Ne3 Ke7 35. Kf2 Be6 36. b3 Kf6 37. g4 Bd7 38.
Kg3 Ke7 39. Kf4 Kf8 40. g5 Kg7 41. Nf5+ Kf8 42. Nh6 Be8 43. Nf5 Kg8 44. Nh4
Kf8 45. g6 Kg8 46. Kg5 Kg7 47. Nf5+ Kg8 48. Kf6 Kh8 49. g7+ Kg8 50. Ne7#
{Black checkmated}
1-0

[Event "ICCopen2017"]
[Site "Internet Chess Club"]
[Date "2017.03.25"]
[Round "11"]
[White "UAE2002"]
[Black "concrete"]
[Result "0-1"]
[ICCResult "White forfeits on time"]
[WhiteElo "1970"]
[BlackElo "2115"]
[Opening "Torre attack (Tartakower variation)"]
[ECO "D03"]
[NIC "QP.08"]
[Time "16:10:08"]
[TimeControl "180+0"]

1. d4 d5 2. Nf3 Nf6 3. Bg5 Ne4 4. Bf4 c5 5. e3 Qb6 6. Nbd2 Nc6 7. Rb1 Bg4 8.
Be2 cxd4 9. exd4 e6 10. O-O Nxd2 11. Qxd2 Bxf3 12. Bxf3 Nxd4 13. Qe3 Bc5 14.
Qd3 Nxf3+ 15. Qxf3 O-O 16. c3 Qc6 17. Qg3 Rfe8 18. Be5 Bf8 19. Rbd1 Kh8 20.
Rd4 f6 21. Bxf6 gxf6 22. Rg4 Bd6 23. Qh4 Rf8 24. Qh6 Qd7 25. Re1 Rae8 26.
Re3 Qf7 27. Rh3 Rg8 28. Rgh4 Rg7 29. Qe3 b5 30. Qd3 a6 31. g3 Re7 32. Rh6
Kg8 33. Qf3 Rg6 34. Rxh7 Qxh7 35. Rxh7 Kxh7 36. Qe3 Kg7 37. h4 Kf7 38. Qb6
Bxg3 39. fxg3 Rxg3+ 40. Kf2 Rg4 41. Qxa6 b4 42. cxb4 Rxb4 43. b3 Rxh4 44.
Ke3 Rc7 45. Kd3 e5 46. Qb6 Rh3+ 47. Kd2 Rcc3 48. Qd6 d4 49. Qd7+ Kg6 50.
Qe8+ Kf5 51. Qd7+ Kf4 52. Qf7 Rh2+ 53. Kd1 f5 54. Qa7 Rg3
{White forfeits on time}
0-1

[Event "ICCopen2017"]
[Site "Internet Chess Club"]
[Date "2017.03.25"]
[Round "11"]
[White "fishbein"]
[Black "Lavrik87"]
[Result "0-1"]
[ICCResult "White checkmated"]
[WhiteElo "2627"]
[BlackElo "2229"]
[Opening "Pirc: Ufimtsev-Pytel variation"]
[ECO "B07"]
[NIC "AL.10"]
[Time "16:10:02"]
[TimeControl "180+0"]

1. e4 Nf6 2. Nc3 d6 3. d4 c6 4. a4 g6 5. h3 Bg7 6. Nf3 O-O 7. Be3 Nbd7 8.
Bc4 d5 9. exd5 Nb6 10. Bb3 Nbxd5 11. O-O Nxe3 12. fxe3 Nd5 13. Qd3 e6 14.
Rae1 b6 15. Ne4 a5 16. c3 Ba6 17. Bc4 Bb7 18. Qd2 Qc7 19. Nf2 c5 20. Bd3
Rad8 21. Ng4 f5 22. Nge5 f4 23. exf4 Nxf4 24. Be4 cxd4 25. Bxb7 dxc3 26.
Qxc3 Qxb7 27. Qc4 Rd5 28. Ng4 Rd2 29. Rf2 Rxf2 30. Nxf2 Nxg2 31. Rxe6 Kh8
32. Qe4 Qxe4 33. Nxe4 Nf4 34. Rxb6 Nxh3+ 35. Kg2 Nf4+ 36. Kg3 Nh5+ 37. Kg2
Re8 38. Nd6 Re2+ 39. Kh3 Rxb2 40. Rxb2 Bxb2 41. Nc4 Bc3 42. Ng5 Kg7 43. Ne4
Bb4 44. Kg4 Nf6+ 45. Nxf6 Kxf6 46. Ne3 h5+ 47. Kf3 g5 48. Nd5+ Ke5 49. Ne7
g4+ 50. Kg3 Bxe7 51. Kg2 h4 52. Kf2 h3 53. Ke2 Kf4 54. Kd3 h2 55. Kc4 h1=Q
56. Kb5 Qd5+ 57. Ka6 Qb3 58. Ka7 Qb4 59. Ka8 Ke5 60. Ka7 Kd6 61. Ka6 Kc6 62.
Ka7 Qb7# {White checkmated} 0-1

[Event "ICCopen2017"]
[Site "Internet Chess Club"]
[Date "2017.03.25"]
[Round "11"]
[White "Acertijo"]
[Black "Heian"]
[Result "1/2-1/2"]
[ICCResult "Game drawn because neither player has mating material"]
[WhiteElo "2114"]
[BlackElo "1492"]
[Opening "Ruy Lopez: closed, 7...O-O"]
[ECO "C88"]
[NIC "RL.17"]
[Time "16:10:01"]
[TimeControl "180+0"]

1. e4 e5 2. Nf3 Nc6 3. Bb5 a6 4. Ba4 Be7 5. O-O b5 6. Bb3 Nf6 7. Re1 O-O 8.
h3 d5 9. exd5 Nxd5 10. Nxe5 Nxe5 11. Rxe5 Nf6 12. d4 Bd6 13. Re1 Ng4 14.
hxg4 Qh4 15. Re5 Bxe5 16. dxe5 Bxg4 17. Qe1 Rad8 18. c3 c5 19. Bf4 c4 20.
Bg3 Qh5 21. Bc2 Rfe8 22. Nd2 f6 23. Nf1 fxe5 24. f3 Bf5 25. Bxf5 Qxf5 26.
Rd1 Rxd1 27. Qxd1 e4 28. fxe4 Qxe4 29. Qd6 Qe6 30. Qxe6+ Rxe6 31. Kf2 g5 32.
Ne3 Kf7 33. Nc2 h5 34. Nd4 Rf6+ 35. Ke3 h4 36. Be5 Rf1 37. Nf3 Kg6 38. b3
cxb3 39. axb3 Kh5 40. Nd4 g4 41. Ke2 Rc1 42. Nf5 Rc2+ 43. Kf1 Rc1+ 44. Kf2
Rc2+ 45. Kg1 Rc1+ 46. Kh2 g3+ 47. Nxg3+ hxg3+ 48. Kxg3 Rb1 49. b4 Kg6 50.
Kf4 Rf1+ 51. Ke4 Rf2 52. g3 Ra2 53. Kd5 a5 54. bxa5 Rxa5 55. Bd4 b4+ 56. Kc4
bxc3 57. Kxc3 Rg5 58. Bf2 Rxg3+ 59. Bxg3
{Game drawn because neither player has mating material}
1/2-1/2